[Event "Polish Ekstraliga 2024"]
[Site "Walbrzych"]
[Date "2024.10.07"]
[Round "1.23"]
[White "Rog, Bartlomiej"]
[Black "Kazakouski, Valery"]
[Result "0-1"]
[ECO "B10"]
[WhiteElo "2257"]
[BlackElo "2557"]
[Annotator "TA"]
[PlyCount "88"]
[EventDate "2024.10.05"]
[EventType "team-tourn"]
[EventCountry "POL"]
[SourceTitle "playchess.com"]
[Source "ChessBase"]
[SourceQuality "1"]
[WhiteTeam "Gorzow Wlkp"]
[BlackTeam "Bydgoszcz"]
[TimeControl "40/5400+30:1800+30"]

1. e4 c6 2. Nf3 d5 3. d3 Bg4 4. h3 Bxf3 5. Qxf3 e6 6. Nc3 Nd7 7. Qg3 Ngf6 8. Be2 h5 9. h4 {[%emt 0:02:36] White has an edge.} Qb8 10. Bf4 e5 11. Bg5 d4 12. Nd1 ({Better is} 12. Nb1 $11) 12... Nc5 $15 13. f4 Bd6 14. f5 Qc7 15. Bd2 (15. O-O $142) 15... O-O-O $11 16. Nf2 Rdg8 17. Bf3 (17. O-O $11) 17... Qb6 18. b3 Ncd7 19. a3 Qd8 20. Ke2 Ne8 21. b4 Kb8 22. a4 Nc7 23. Rab1 Nb6 24. b5 cxb5 25. axb5 Qd7 26. Rb3 ({Avoid the trap} 26. c4 $2 dxc3 27. Bxc3 f6 $19 (27... Nxb5 28. Bxe5 $15)) 26... Nxb5 27. Rhb1 {[%emt 0:03:06] [#]} a6 28. Nd1 f6 (28... Na4 $19 29. Kf1 g6) 29. Nb2 (29. R3b2 $17) 29... Rc8 $19 30. Ba5 $2 (30. Kd1) 30... Rxc2+ 31. Kf1 Bc7 (31... Qf7 $19 32. Nc4 (32. Rxb5 $2 axb5 33. Bxb6 Qa2 $19) 32... Nxc4 33. dxc4 Qxc4+ 34. Kg1 d3) 32. Bd1 $17 Rc6 33. Bxb6 Bxb6 34. Nc4 Ba7 (34... Rhc8 $142 35. Qf3 Ba7) 35. R3b2 Qc7 36. Kg1 b6 (36... Rxc4 $17 37. dxc4 Nd6 (37... Qxc4 38. Kh2 $15)) 37. Ba4 $2 {[%emt 0:03:09] Now White is beyond hope.} (37. Rxb5 $1 $15 axb5 38. Rxb5) 37... Rxc4 $1 $19 38. dxc4 Nc3 39. Ra1 Nxe4 40. Qe1 (40. Qf3 $142 Nc5 41. Bc6) 40... Nc5 41. Bd1 e4 {[%emt 0:04:37] Wards off Bf3} 42. Ra3 Kb7 43. Ra5 Re8 {[%emt 0:01:12] [#] Hoping for ...Nd3.} 44. Qd2 Bb8 {[%emt 0:02:04] Weighted Error Value: White=0.37/Black=0.23 (precise) .  Loses game:     	White=1     	---        Missed win:     	---       	Black=1      Mistake:       	White=6     	Black=3      Inaccurate:     	White=4     	Black=3      OK:         	White=8     	Black=15     Best:        	White=3     	Black=3      Strong:       	---       	Black=1} 0-1

[Event "Polish Ekstraliga 2024"]
[Site "Walbrzych"]
[Date "2024.10.07"]
[Round "1.24"]
[White "Kiolbasa, Oliwia"]
[Black "Siekanska, Maria"]
[Result "1-0"]
[ECO "E46"]
[WhiteElo "2351"]
[BlackElo "2149"]
[Annotator "RC"]
[PlyCount "91"]
[EventDate "2024.10.05"]
[EventType "team-tourn"]
[EventCountry "POL"]
[SourceTitle "playchess.com"]
[Source "ChessBase"]
[SourceQuality "1"]
[WhiteTeam "Bydgoszcz"]
[BlackTeam "Gorzow Wlkp"]
[TimeControl "40/5400+30:1800+30"]

1. d4 Nf6 2. c4 e6 3. Nc3 Bb4 4. e3 O-O 5. Nge2 Re8 6. a3 Bf8 7. e4 d5 8. e5 Nfd7 9. h4 c5 10. Bg5 f6 11. exf6 gxf6 12. Bd2 Nc6 13. dxc5 Nxc5 14. Be3 dxc4 15. Nf4 Ne5 16. Rh3 Qxd1+ 17. Rxd1 Ncd3+ 18. Nxd3 Nxd3+ 19. Bxd3 cxd3 20. Nb5 Re7 21. Rg3+ Kh8 22. Bc5 Rf7 23. Bxf8 Rxf8 24. Rdxd3 b6 25. Rc3 e5 26. Nd6 Be6 27. Rc7 Rg8 28. Re7 Rxg3 29. fxg3 Bd5 30. Ne8 Bf7 31. Nxf6 Kg7 32. Nxh7 Kxh7 33. Rxf7+ Kg6 34. Rc7 Kf5 35. Ke2 a5 36. Rf7+ Ke4 37. h5 Rh8 38. g4 Rg8 39. h6 Rxg4 40. h7 Rh4 41. g4 Rh2+ 42. Kf1 Kd3 43. g5 e4 44. Rd7+ Kc2 45. g6 e3 46. Rd8 1-0

[Event "Polish Ekstraliga 2024"]
[Site "Walbrzych"]
[Date "2024.10.07"]
[Round "1.25"]
[White "Sowinski, Pawel"]
[Black "Erdogmus, Yagiz Kaan"]
[Result "0-1"]
[ECO "A05"]
[WhiteElo "2455"]
[BlackElo "2601"]
[Annotator "RC"]
[PlyCount "123"]
[EventDate "2024.10.05"]
[EventType "team-tourn"]
[EventCountry "POL"]
[SourceTitle "playchess.com"]
[Source "ChessBase"]
[SourceQuality "1"]
[WhiteTeam "Sedziszow Malopolski"]
[BlackTeam "Legnica"]
[TimeControl "40/5400+30:1800+30"]

1. Nf3 d5 2. g3 Nf6 3. Bg2 e6 4. O-O Be7 5. d4 O-O 6. c4 c6 7. Qc2 b6 8. Rd1 Nbd7 9. b3 Ba6 10. Nbd2 Rc8 11. e4 c5 12. exd5 exd5 13. Nf1 dxc4 14. d5 Ne8 15. bxc4 Nd6 16. Ne3 f5 17. Qa4 Bb7 18. Bb2 a6 19. Ne5 b5 20. Qc2 Nxe5 21. Bxe5 Bf6 22. Bxd6 Qxd6 23. Nxf5 Qd7 24. Rab1 g6 25. Ne3 b4 26. Rd3 Bd4 27. Qd2 Qg7 28. Rf1 Rce8 29. Nc2 Bc3 30. Qd1 Qf7 31. Ne3 Rd8 32. f4 Rd6 33. Kh1 Bc8 34. Ng4 Qg7 35. Ne5 Re8 36. Rxc3 bxc3 37. Qe1 c2 38. Qd2 Bf5 39. g4 Bc8 40. Qxc2 g5 41. Nd3 Bxg4 42. fxg5 Qxg5 43. Qf2 Rdd8 44. h3 Bh5 45. Nxc5 Re2 46. Qg1 Qg3 47. d6 Kh8 48. Qd4+ Qg7 49. Qxg7+ Kxg7 50. Nb7 Rb8 51. c5 Be8 52. Bf3 Rc2 53. Re1 Kf6 54. Re7 Ba4 55. Re1 Rc3 56. Bg2 Bd7 57. Re7 Rc1+ 58. Kh2 Rc2 59. Kh1 Rxg2 60. Rxd7 Rb2 61. Nd8 Rc2 62. c6 0-1

[Event "Polish Ekstraliga 2024"]
[Site "Walbrzych"]
[Date "2024.10.07"]
[Round "1.26"]
[White "Malek, Jan"]
[Black "Sernecki, Franciszek"]
[Result "1-0"]
[ECO "C18"]
[WhiteElo "2479"]
[BlackElo "2335"]
[Annotator "TA"]
[PlyCount "119"]
[EventDate "2024.10.05"]
[EventType "team-tourn"]
[EventCountry "POL"]
[SourceTitle "playchess.com"]
[Source "ChessBase"]
[SourceQuality "1"]
[WhiteTeam "Legnica"]
[BlackTeam "Sedziszow Malopolski"]
[TimeControl "40/5400+30:1800+30"]

1. e4 e6 2. d4 d5 3. Nc3 Bb4 4. e5 c5 5. a3 Bxc3+ 6. bxc3 Qa5 7. Bd2 Qa4 8. Qg4 Kf8 9. h4 Nc6 10. h5 h6 11. Qd1 {[%emt 0:00:11] The position is equal.} Nge7 12. Nf3 Ke8 13. Rh4 c4 14. Rg4 Rg8 15. Rf4 Rf8 16. g3 Bd7 17. Bh3 Kd8 $1 18. Nh4 Kc7 19. Qg4 f5 20. exf6 gxf6 21. Rf3 (21. Qe2 $14) 21... Rg8 $15 22. Ng6 $1 Rad8 23. Qh4 (23. Bxh6 $2 e5 (23... Qxc2 24. Rc1 $16) 24. Qh4 Nxg6 25. hxg6 Bxh3 (25... Rxg6 26. Be3 $17) (25... Qxc2 26. Bxd7 Rxd7 27. Rc1 $15) 26. Qxh3 Rxg6 $19) (23. Rxf6 $11 e5 24. Qe2 (24. Qh4 Nxg6 25. hxg6 Bxh3 $15) 24... Bxh3 25. Nxe7 Nxe7 26. Qxe5+ Kd7 27. O-O-O Qxa3+ 28. Kb1) 23... Nxg6 (23... Qxc2 $2 24. Nxe7 (24. Bxh6 $2 Nxg6 25. hxg6 Rxg6 $19) 24... Nxe7 25. Rxf6 $18 (25. Bxh6 e5 $18)) 24. hxg6 Rxg6 25. Rxf6 Rxf6 26. Qxf6 Qxc2 {[%emt 0:00:45][%cal Oe6e5] Hoping for ...e5!} 27. Bg2 h5 (27... Qb2 $17 28. Rc1 Qxa3) 28. Bf3 (28. Rc1 $11 Qd3 29. Bf4+ Kb6 30. Bf1) 28... Kc8 29. Rc1 Qd3 ({Better is} 29... Qa2 $17) 30. Be2 $11 Qe4 {[%emt 0:00:46] [#] ...Qh1+ is the strong threat.} 31. Bf4 Re8 32. f3 Qf5 33. Qxf5 exf5 34. Kf2 Re6 35. Rh1 Be8 36. Bd1 Bg6 37. g4 fxg4 (37... hxg4 $1 $11 38. fxg4 Kd7) 38. fxg4 $16 Rf6 {[%emt 0:00:37] [#] White must now prevent ...Be4.} 39. Kg3 $1 hxg4 (39... Be4 $16 {was necessary.} 40. Rh2 (40. Rxh5 Ne7 $16) 40... Rg6 (40... hxg4 $2 41. Bxg4+ Bf5 42. Bg5 $18)) 40. Bxg4+ $18 Bf5 41. Bg5 Bxg4 42. Bxf6 {[%emt 0:00:16][%mdl 4096] Endgame. KRB-KBN} Bf5 43. Be5 b6 $2 {[%emt 0:05:31] A mistake that costs the game.} (43... Be4 $16 {is a better defense.} 44. Rh8+ Kd7) 44. Rf1 Be6 45. Rf6 Kd7 46. Kf4 Nd8 47. Rg6 b5 48. Kg5 a5 (48... Nb7 $142 49. Bh2 Ke7 50. Rg7+ Bf7) 49. Rg7+ Kc6 50. Rc7+ Kb6 51. Kf6 {[%emt 0:00:17] Wards off Nf7. Threatens to win with Re7.} b4 52. axb4 a4 53. Rg7 {[%emt 0:01:02] White mates.} Bf7 54. Ke7 (54. Rxf7 $2 {is the wrong capture.} Nxf7 55. Bf4 (55. Kxf7 $2 {perishes.} a3 $19) 55... Nd6 $19 (55... a3 $2 56. Bc1 $19)) 54... Ne6 55. Rxf7 Ng5 56. Rf6+ Kb5 57. Bc7 a3 58. Rb6+ Ka4 59. Ra6+ Kb3 60. b5 {[%emt 0:00:07] Weighted Error Value: White=0.10 (very precise) /Black=0.36.  Loses game:     	---       	Black=1      Mistake:       	White=3     	Black=5      Inaccurate:     	White=3     	Black=5      OK:         	White=17    	Black=5      Best:        	White=4     	Black=7      Strong:       	White=2     	Black=1} 1-0

[Event "Polish Ekstraliga 2024"]
[Site "Walbrzych"]
[Date "2024.10.07"]
[Round "1.27"]
[White "Toczek, Grzegorz"]
[Black "Kempinski, Robert"]
[Result "1/2-1/2"]
[ECO "A46"]
[WhiteElo "2267"]
[BlackElo "2566"]
[Annotator "TA"]
[PlyCount "81"]
[EventDate "2024.10.05"]
[EventType "team-tourn"]
[EventCountry "POL"]
[SourceTitle "playchess.com"]
[Source "ChessBase"]
[SourceQuality "1"]
[WhiteTeam "Sedziszow Malopolski"]
[BlackTeam "Legnica"]
[TimeControl "40/5400+30:1800+30"]

1. d4 Nf6 2. Nf3 e6 3. Bg5 h6 4. Bh4 d6 5. Nbd2 g5 6. Bg3 Nh5 7. e3 Bg7 8. Bb5+ Bd7 9. Bxd7+ Nxd7 10. Nf1 f5 11. N3d2 Ndf6 12. f3 Nxg3 13. Nxg3 h5 14. Qe2 Qe7 15. O-O-O h4 16. Ngf1 O-O-O 17. e4 fxe4 18. Nxe4 Nxe4 19. fxe4 Qf6 20. Ne3 Qf4 21. Qd3 {[%emt 0:00:03] aiming for Rdf1.} g4 22. Rdf1 Qg5 23. Kd1 (23. Kb1 $1 $11) 23... Bh6 $17 24. Ke2 Qh5 25. Ke1 Rhf8 ({Black should play} 25... Rhg8 $17 {Hoping for ...Kb8.} 26. Rhg1 Kb8) 26. c3 ({Better is} 26. Rxf8 $1 $15 Rxf8 27. Rf1) 26... Qg5 27. Ke2 {[%emt 0:02:13] [#]} (27. Nd1 $17 {was the only chance.}) 27... h3 $1 $19 28. g3 $2 (28. gxh3 $19 gxh3 29. Rhg1 Qh5+ 30. Kd2) 28... Rf3 29. Rxf3 gxf3+ 30. Kf2 $1 (30. Kxf3 $2 {is the wrong capture.} Qh5+ (30... Qxe3+ $2 31. Qxe3 Rf8+ 32. Ke2 $18) 31. g4 Qf7+ 32. Ke2 Qf4 $19) 30... Qg6 {[%emt 0:01:55] ...d5 would now be deadly.} 31. Rd1 Kb8 32. d5 Bxe3+ 33. Qxe3 $11 {[%emt 0:00:04][%mdl 4096] Endgame. KQR-KQR} Rf8 34. dxe6 Qxe6 35. Rd5 (35. b3 $14 {was preferrable.}) 35... c6 $1 {[%emt 0:01:16] [#]} 36. Rf5 Rxf5 {[%emt 0:01:37] The position is equal.} 37. exf5 Qxf5 38. Qe7 Kc8 {[%emt 0:04:03] Inhibits Qd8+.} 39. Qxd6 Qc2+ 40. Kxf3 Qxh2 41. Qe6+ {[%emt 0:00:16] Weighted Error Value: White=0.26 (precise) /Black=0.12 (very precise) .  Mistake:       	White=5     	Black=1      Inaccurate:     	White=2     	Black=6      OK:         	White=10    	Black=14     Best:        	White=1     	Black=1      Strong:       	White=1     	Black=2} 1/2-1/2

[Event "Polish Ekstraliga 2024"]
[Site "Walbrzych"]
[Date "2024.10.07"]
[Round "1.28"]
[White "Heberla, Bartlomiej"]
[Black "Kyc, Jerzy"]
[Result "1-0"]
[ECO "B90"]
[WhiteElo "2501"]
[BlackElo "2253"]
[Annotator "TA"]
[PlyCount "63"]
[EventDate "2024.10.05"]
[EventType "team-tourn"]
[EventCountry "POL"]
[SourceTitle "playchess.com"]
[Source "ChessBase"]
[SourceQuality "1"]
[WhiteTeam "Legnica"]
[BlackTeam "Sedziszow Malopolski"]
[TimeControl "40/5400+30:1800+30"]

1. e4 c5 2. Nf3 d6 3. d4 cxd4 4. Nxd4 Nf6 5. Nc3 a6 6. Be3 e5 7. Nb3 Be7 8. f3 Be6 9. Qd2 O-O 10. O-O-O Nbd7 11. g4 b5 12. g5 b4 13. Ne2 Ne8 14. f4 a5 15. f5 Bxb3 16. cxb3 {[%emt 0:00:07] aiming for Kb1.} a4 17. Kb1 {[%emt 0:00:04] And now bxa4 would win. Active counter play! White is slightly better.} (17. Qxb4 $2 d5 (17... Bxg5 18. Bxg5 Qxg5+ 19. Kb1 $17) 18. Qb5 d4 $19 (18... Bxg5 $2 19. Bxg5 Qxg5+ 20. Kb1 $19)) 17... Nc7 $2 (17... axb3 $1 $14 18. axb3 Qa5) 18. Nc1 (18. Qxb4 d5 19. Qc3 axb3 $16 (19... dxe4 $2 20. bxa4 Na6 21. Ng3 $18)) 18... d5 19. f6 gxf6 (19... d4 $142 20. fxe7 Qxe7) 20. exd5 $18 {[%emt 0:00:08] Strongly threatening d6.} Bc5 21. Bh3 Bxe3 22. Qxe3 Kh8 23. Rhf1 Nb5 (23... fxg5 $142 24. bxa4 Ne8) 24. gxf6 $40 {[%emt 0:18:10][%mdl 128] Black must now prevent Qh6. Black is in trouble. Black is weak on the light squares} a3 $2 (24... Nd6 25. bxa4 Rg8) 25. Qh6 Rg8 {[%emt 0:00:08] [#] Prevents Qg7+} 26. Bf5 $1 Nxf6 {[%emt 0:09:38] [#]} 27. Bxh7 $1 {[%emt 0:01:19][%mdl 512] White wants to mate with Bg6+.} Ng4 (27... Rg7 28. Bd3+) 28. Qh3 {[%emt 0:00:21] Threatening mate with Bc2+.} (28. Bxg8+ $2 {too greedy.} Nxh6 29. Bxf7 Nxf7 $19) 28... Qg5 29. Bd3+ Nh6 30. Rf5 Qg7 {[%emt 0:00:23] [#]} 31. Rg1 $3 axb2 (31... Ra6 32. Rxg7) 32. Kxb2 {[%emt 0:02:38] Black did not feel at home in the position after the opening.   Weighted Error Value: White=0.22 (precise) /Black=1.06.  Loses game:     	---       	Black=1      Mistake:       	---       	Black=3      OK:         	White=1     	Black=5      Best:        	White=1     	---} (32. Rxg7 $142 Kxg7 33. Rg5+ (33. Bxb5 bxc1=Q+ 34. Kxc1 Nxf5 $18) 33... Kf6 34. Qxh6+ Rg6 35. Bxg6 (35. Rxg6+ fxg6 36. Qxg6+ Ke7 37. Bxb5 bxc1=Q+ 38. Kxc1 Rc8+ 39. Kb2 Rd8 40. Qg5+ Kf7) 35... bxc1=Q+ 36. Kxc1 Ke7 37. Bh5 (37. Rxe5+ Kd6 38. Qf4 Rc8+ 39. Kb2 Kc7 40. Qxb4 Kb6 41. d6 Rc2+ 42. Bxc2 Kc6)) 1-0

[Event "Polish Ekstraliga 2024"]
[Site "Walbrzych"]
[Date "2024.10.07"]
[Round "1.29"]
[White "Sendera, Jaroslaw"]
[Black "Bobras, Piotr"]
[Result "1/2-1/2"]
[ECO "B30"]
[WhiteElo "2219"]
[BlackElo "2428"]
[Annotator "RC"]
[PlyCount "38"]
[EventDate "2024.10.05"]
[EventType "team-tourn"]
[EventCountry "POL"]
[SourceTitle "playchess.com"]
[Source "ChessBase"]
[SourceQuality "1"]
[WhiteTeam "Sedziszow Malopolski"]
[BlackTeam "Legnica"]
[TimeControl "40/5400+30:1800+30"]

1. e4 c5 2. Nf3 Nc6 3. Bb5 Nf6 4. Nc3 Qc7 5. d3 d6 6. h3 e6 7. O-O Be7 8. Bf4 Bd7 9. Re1 a6 10. Bxc6 Bxc6 11. e5 Nd7 12. exd6 Bxd6 13. Bxd6 Qxd6 14. Ne4 Qf4 15. Qd2 Qxd2 16. Nexd2 Ke7 17. Ne5 Rac8 18. Nxd7 Bxd7 19. a4 Rhd8 1/2-1/2

[Event "Polish Ekstraliga 2024"]
[Site "Walbrzych"]
[Date "2024.10.08"]
[Round "2.1"]
[White "Volokitin, Andrei"]
[Black "Mendonca, Leon Luke"]
[Result "1/2-1/2"]
[ECO "C11"]
[WhiteElo "2648"]
[BlackElo "2622"]
[Annotator "TA"]
[PlyCount "63"]
[EventDate "2024.10.05"]
[EventType "team-tourn"]
[EventCountry "POL"]
[SourceTitle "playchess.com"]
[Source "ChessBase"]
[SourceQuality "1"]
[WhiteTeam "Pegow"]
[BlackTeam "Bydgoszcz"]
[TimeControl "40/5400+30:1800+30"]

1. e4 e6 2. d4 d5 3. Nc3 Nf6 4. e5 Nfd7 5. f4 c5 6. Nf3 Nc6 7. Be3 a6 8. Qd2 b5 9. a3 Qa5 10. dxc5 Bxc5 11. Bxc5 Nxc5 12. Nd4 Nxd4 13. Qxd4 Ne4 14. b4 Qc7 15. Nxe4 dxe4 16. c4 Bd7 17. Qxe4 O-O 18. Bd3 $36 {[%emt 0:04:57][%csl Gd3][%cal Re4h7][%mdl 2048] Black is under pressure.} g6 19. c5 Bc6 20. Qe2 Rfd8 21. Be4 a5 {[%emt 0:09:29] ...axb4 is the strong threat.} 22. O-O axb4 23. axb4 Ra6 {[%mdl 8192] [#]} 24. Ra4 $4 Rxa4 $19 25. Rb1 {[#]} Ra1 $2 26. Rxa1 $11 {[%emt 0:01:03] Threatens to win with Bxc6. The position is equal.} Rd4 27. Bxc6 Qxc6 28. Rc1 Rxb4 29. Qd2 Ra4 30. Qd8+ Kg7 31. Qf6+ Kg8 {[%emt 0:00:16] ...Qd5 would now be deadly.} 32. Qd8+ {[%emt 0:01:24] Weighted Error Value: White=0.33/Black=0.31.  Loses game:     	---       	Black=1      Missed win:     	White=1     	---        OK:         	White=9     	Black=10     Best:        	White=1     	Black=3} 1/2-1/2

[Event "Polish Ekstraliga 2024"]
[Site "Walbrzych"]
[Date "2024.10.08"]
[Round "2.2"]
[White "Wojtaszek, Radoslaw"]
[Black "Lagarde, Maxime"]
[Result "1/2-1/2"]
[ECO "D78"]
[WhiteElo "2673"]
[BlackElo "2595"]
[Annotator "TA"]
[PlyCount "63"]
[EventDate "2024.10.05"]
[EventType "team-tourn"]
[EventCountry "POL"]
[SourceTitle "playchess.com"]
[Source "ChessBase"]
[SourceQuality "1"]
[WhiteTeam "Bydgoszcz"]
[BlackTeam "Pegow"]
[TimeControl "40/5400+30:1800+30"]

1. d4 Nf6 2. c4 g6 3. g3 c6 4. Nf3 Bg7 5. Bg2 O-O 6. O-O d5 7. Qb3 Qb6 8. Nc3 Rd8 9. Bd2 Be6 10. Na4 Qxb3 11. axb3 Nbd7 {[%emt 0:00:05] Repels Nb6} 12. Rfc1 Ne4 13. Bb4 a5 14. Bxe7 Re8 15. Bg5 b5 16. cxb5 cxb5 17. Nc3 Nxg5 18. Nxg5 Bxd4 19. e3 (19. Nxd5 Bxb2 20. Nc7 Rac8 21. Nxe8 Rxc1+ (21... Bxc1 22. Nxe6 Rxe8 23. Rxc1 $16) 22. Rxc1 Bxc1 23. Nxe6 fxe6) 19... Bf6 20. Nxe6 fxe6 21. Rc2 (21. Nxb5 Bxb2 22. Nc7 Bxc1 23. Nxa8 Rxa8 $18) 21... Rec8 22. Rac1 {[%emt 0:03:02][%cal Oc3d5,Ba1c1,Bc1c3,Bc3c6][%mdl 32] Black should prevent Nxd5!} Bxc3 23. Rxc3 Rxc3 24. Rxc3 $11 {[%emt 0:00:08][%mdl 4096] Endgame. KRB-KRN} Ra7 {[%emt 0:02:26] Inhibits Rc7.} 25. Bh3 Kf7 26. Rc6 Nf8 27. Kf1 Ke7 {[%emt 0:00:39] The position is equal.} 28. Ke1 b4 29. Bf1 Nd7 30. Bh3 Nf8 31. Bf1 Nd7 32. Bh3 {[%emt 0:05:48] Weighted Error Value: White=0.06 (flawless) /Black=0.04 (flawless) .  Inaccurate:     	---       	Black=1      OK:         	White=11    	Black=12     Best:        	White=1     	Black=2} 1/2-1/2

[Event "Polish Ekstraliga 2024"]
[Site "Walbrzych"]
[Date "2024.10.08"]
[Round "2.3"]
[White "Zilka, Stepan"]
[Black "Teclaf, Pawel"]
[Result "0-1"]
[ECO "B10"]
[WhiteElo "2552"]
[BlackElo "2552"]
[Annotator "TA"]
[PlyCount "84"]
[EventDate "2024.10.05"]
[EventType "team-tourn"]
[EventCountry "POL"]
[SourceTitle "playchess.com"]
[Source "ChessBase"]
[SourceQuality "1"]
[WhiteTeam "Pegow"]
[BlackTeam "Bydgoszcz"]
[TimeControl "40/5400+30:1800+30"]

1. e4 c6 2. Nf3 d5 3. d3 Qc7 4. e5 Bg4 5. Nbd2 e6 6. h3 Bh5 7. d4 c5 8. c3 Ne7 9. Be2 Nec6 10. O-O Nd7 11. a3 Be7 12. b4 cxd4 13. cxd4 O-O 14. Bb2 a6 15. Rc1 b5 16. g4 Bg6 17. h4 h6 18. g5 Nb6 (18... hxg5 $17 19. hxg5 Rfc8) 19. gxh6 $15 gxh6 20. Kh1 Kh7 21. Rg1 Rg8 22. Rc3 $2 (22. Qb3 $15) 22... Na4 $1 $19 23. Rb3 Nxb2 24. Rxb2 {[%emt 0:00:08] [#]} Nxd4 $1 25. Rxg6 (25. h5 {might work better.} Bf5 (25... Bxh5 26. Nxd4 Bxe2 27. Nxe2 $11) (25... Bc2 26. Rxc2 Rxg1+ 27. Kxg1 $17) 26. Nxd4) 25... fxg6 26. Nxd4 {[%emt 0:08:52] [#]} Qc3 $1 (26... Qxe5 27. N2f3 Qf6 28. Rc2 $15) 27. Nc6 (27. Qb3 $142 Qxd4 28. Nf3) 27... Qxc6 (27... Qxb2 $142 28. Nxe7 Rg7 29. Nxg6 Rc8 (29... Kxg6 $2 30. Nf1 $19)) 28. Rc2 Qb6 29. Nf3 Rac8 30. Bd3 Rxc2 31. Qxc2 h5 32. Kg2 Bd8 33. a4 bxa4 34. Qxa4 Rf8 35. Qxa6 Qxa6 (35... Qxb4 36. Qxe6 Qg4+ (36... Bxh4 37. Qxg6+ Kh8 38. Qh7#) 37. Qxg4 hxg4 38. Nh2 Bxh4 39. Nxg4 $19) 36. Bxa6 Rf4 37. Bc8 Rxb4 ({Don't play} 37... Bxh4 38. b5) ({Much less strong is} 37... Rg4+ 38. Kf1) 38. Bxe6 d4 ({Resist} 38... Bxh4 39. Bxd5 Bd8 40. e6 $19) 39. Bc8 $2 (39. Ne1) 39... d3 $19 40. Ba6 Rb3 (40... Bxh4 41. Bxd3 Be7 42. Ne1 $19) 41. Bc4 Rc3 42. Bb5 Kg7 0-1

[Event "Polish Ekstraliga 2024"]
[Site "Walbrzych"]
[Date "2024.10.08"]
[Round "2.4"]
[White "Nasuta, Grzegorz"]
[Black "Moranda, Wojciech"]
[Result "1/2-1/2"]
[ECO "B51"]
[WhiteElo "2545"]
[BlackElo "2559"]
[Annotator "TA"]
[PlyCount "46"]
[EventDate "2024.10.05"]
[EventType "team-tourn"]
[EventCountry "POL"]
[SourceTitle "playchess.com"]
[Source "ChessBase"]
[SourceQuality "1"]
[WhiteTeam "Bydgoszcz"]
[BlackTeam "Pegow"]
[TimeControl "40/5400+30:1800+30"]

1. e4 c5 2. Nf3 d6 3. Bb5+ Nd7 4. a4 Ngf6 5. Nc3 a6 6. Be2 g6 7. a5 Bg7 8. O-O {[%emt 0:00:21] White is slightly better.} O-O 9. d3 b5 10. axb6 Nxb6 11. Qd2 a5 12. Qf4 Ne8 13. Qh4 Nc7 14. Bh6 e5 15. Qxd8 Rxd8 16. Bxg7 Kxg7 17. Nd2 Bd7 18. Nc4 Nxc4 19. dxc4 Rdb8 (19... a4 $11) 20. b3 $1 $14 Rb4 21. Rfd1 Ra6 22. Na2 (22. f3 $14) 22... Rb8 $11 23. Nc3 ({White should play} 23. Bf1 $11) 23... Rb4 {[%emt 0:03:01] Weighted Error Value: White=0.07 (flawless) /Black=0.08 (flawless) .  Mistake:       	White=2     	Black=1      Inaccurate:     	White=1     	---        OK:         	White=6     	Black=9      Best:        	White=2     	Black=1      Strong:       	White=1     	---} 1/2-1/2

[Event "Polish Ekstraliga 2024"]
[Site "Walbrzych"]
[Date "2024.10.08"]
[Round "2.5"]
[White "Plat, Vojtech"]
[Black "Kazakouski, Valery"]
[Result "1/2-1/2"]
[ECO "D37"]
[WhiteElo "2488"]
[BlackElo "2557"]
[Annotator "TA"]
[PlyCount "109"]
[EventDate "2024.10.05"]
[EventType "team-tourn"]
[EventCountry "POL"]
[SourceTitle "playchess.com"]
[Source "ChessBase"]
[SourceQuality "1"]
[WhiteTeam "Pegow"]
[BlackTeam "Bydgoszcz"]
[TimeControl "40/5400+30:1800+30"]

1. d4 d5 2. c4 e6 3. Nc3 Be7 4. Nf3 Nf6 5. Bf4 O-O 6. e3 Nbd7 7. Rc1 c5 8. Be2 cxd4 9. exd4 dxc4 10. Bxc4 Nb6 11. Bd3 Nbd5 12. Be5 b6 13. O-O Bb7 14. Qe2 Rc8 15. Rfd1 g6 16. Ba6 Qd7 17. Bb5 Qd8 18. Ba6 Nxc3 19. bxc3 Bxa6 20. Qxa6 Qd7 21. Bg3 Ne4 22. Ne5 Qd8 23. c4 Nxg3 24. hxg3 Qc7 25. a4 Rfd8 26. a5 bxa5 27. c5 Bf6 28. Nf3 Kg7 29. Rb1 $1 Rb8 30. Rxb8 Rxb8 31. Ra1 Bd8 (31... Rd8 {simplifies} 32. Qxa5 Qxa5 33. Rxa5 Bxd4 34. Nxd4 Rxd4 35. Rxa7 Rc4) 32. Ne5 Qc8 (32... Rb2 {simplifies} 33. Qc6 Rb4 34. Qxc7 Bxc7 35. Nc6 Rc4) 33. Qd6 (33. Qxa7 $2 {is the wrong capture.} Rb7 34. Rxa5 (34. Qa6 $2 Rb1+ 35. Rxb1 Qxa6 $19) 34... Rxa7 $19) (33. Qxc8 {simplifies} Rxc8 34. Kf1 a6 35. g4) 33... Bc7 34. Qe7 Bxe5 35. dxe5 Rb7 36. Qf6+ Kg8 37. Rd1 (37. Rxa5 Qc7 38. Ra6 Qxc5) 37... Rb8 38. Qe7 a4 39. Rd7 Qf8 40. Qxf8+ Kxf8 41. Rxa7 Rb1+ 42. Kh2 Rc1 43. Rxa4 Rxc5 44. f4 h5 (44... g5 $5) 45. g4 hxg4 46. Kg3 g5 47. Kxg4 gxf4 48. Kxf4 Kg7 49. g3 Kg6 50. Rb4 Rc1 51. Re4 Rf1+ 52. Kg4 $1 Rc1 53. Kf3 Rf1+ 54. Kg4 Rc1 55. Kf3 1/2-1/2

[Event "Polish Ekstraliga 2024"]
[Site "Walbrzych"]
[Date "2024.10.08"]
[Round "2.6"]
[White "Kiolbasa, Oliwia"]
[Black "Maltsevskaya, Aleksandra"]
[Result "1-0"]
[ECO "C50"]
[WhiteElo "2351"]
[BlackElo "2368"]
[Annotator "RC"]
[PlyCount "71"]
[EventDate "2024.10.05"]
[EventType "team-tourn"]
[EventCountry "POL"]
[SourceTitle "playchess.com"]
[Source "ChessBase"]
[SourceQuality "1"]
[WhiteTeam "Bydgoszcz"]
[BlackTeam "Pegow"]
[TimeControl "40/5400+30:1800+30"]

1. e4 e5 2. Nf3 Nc6 3. Bc4 Bc5 4. d3 h6 5. c3 Qe7 6. b4 Bb6 7. a4 a6 8. O-O Nf6 9. Nbd2 d6 10. Bb3 O-O 11. Nc4 Be6 12. Ba3 Ba7 13. b5 Bxc4 14. Bxc4 Na5 15. Ba2 axb5 16. axb5 Qd7 17. Rb1 Bb6 18. Bc1 Rfe8 19. Be3 d5 20. Bxb6 cxb6 21. Qe2 dxe4 22. dxe4 Rac8 23. Rfd1 Qg4 24. h3 Qf4 25. Rd3 Nxe4 26. g3 Qf5 27. Nh4 Qh7 28. Rd7 Ng5 29. Nf3 Nc4 30. Nxg5 hxg5 31. Rbd1 Na3 32. Bxf7+ Kh8 33. Bxe8 Rxe8 34. Rd8 Qg6 35. R1d6 Qf7 36. Qxe5 1-0